 Dungeon Crawl Stone Soup version 0.31-a0-851-g7ff8af7976 (webtiles) character file.

Game seed: 12488993180757252033

29395 BinkBink the Convoker (level 13, -9/56 HPs)
             Began as a Deep Elf Summoner on Oct 5, 2023.
             Was a Priest of Hepliaklqana.
             Killed from afar by an efreet (29 damage)
             ... with a fireball
             ... on level 13 of the Dungeon.
             The game lasted 01:06:44 (15974 turns).

BinkBink the Convoker (Deep Elf Summoner)          Turns: 15974, Time: 01:06:44

Health: -9/56      AC:  8    Str:  8    XL:     13   Next: 14%
Magic:  42/43      EV: 12    Int: 29    God:    Hepliaklqana [***...]
Gold:   1036       SH:  0    Dex: 13    Spells: 15/42 levels left

rFire   . . .        L - +7 shortbow
rCold   + . .        (shield currently unavailable)
rNeg    . . .        E - +2 steam dragon scales
rPois   +            (no helmet)
rElec   .            (no cloak)
rCorr   .            (no gloves)
SInv    +            n - +0 pair of boots
Will    +++..        y - amulet of regeneration
Stlth   ++           t - ring "Plog" {MP+9 Str+3 Int+3 Dex+3}
HPRegen 1.09/turn    H - ring of Darkness {rPois rC+ Will++ Dex-5 SInv}
MPRegen 0.28/turn

%: no passive effects
@: swift, very quick
A: reduced essence
a: Renounce Religion, Recall Ancestor, Ancestor Identity, Transference


You were on level 13 of the Dungeon.
You worshipped Hepliaklqana.
Hepliaklqana was most pleased with you.
You visited 2 branches of the dungeon, and saw 14 of its levels.
You also visited: Bailey and Ice Cave.

You collected 1036 gold pieces.

Inventory:

Hand Weapons
 A - a +2 short sword of speed
 L - a +7 shortbow (weapon)
 Q - a +1 antimagic orcbow
Armour
 n - a +0 pair of boots (worn)
 E - +2 steam dragon scales (worn)
 F - a +1 buckler of cold resistance
Magical Staves
 l - a staff of poison
Jewellery
 t - the ring "Plog" (left hand) {MP+9 Str+3 Int+3 Dex+3}
   (You found it on level 3 of the Dungeon)

   [ring of magical power]

   Str+3:     It affects your strength (+3).
   Int+3:     It affects your intelligence (+3).
   Dex+3:     It affects your dexterity (+3).
   MP+9:      It affects your magic capacity (+9).
 y - an amulet of regeneration (around neck)
 D - a ring of resist corrosion
 G - a +6 ring of intelligence
 H - the ring of Darkness (right hand) {rPois rC+ Will++ Dex-5 SInv}
   (You found it on level 9 of the Dungeon)

   [ring of see invisible]

   Dex-5:     It affects your dexterity (-5).
   rC+:       It protects you from cold.
   rPois:     It protects you from poison Will++: It greatly increases your
   willpower.
   SInv:      It lets you see invisible.
 J - a +6 ring of strength
 M - a +5 ring of evasion
 N - a ring of fire
 O - a ring of flight
 P - a ring of positive energy
Talismans
 u - a granite talisman
Wands
 k - a wand of quicksilver (5)
 v - a wand of mindburst (6)
 B - a wand of flame (55)
 I - a wand of polymorph (11)
Scrolls
 c - 3 scrolls of amnesia
 d - a scroll of torment
 f - 7 scrolls of teleportation
 i - a scroll of poison
 o - 2 scrolls of immolation
 p - a scroll of revelation
 w - 3 scrolls of vulnerability
 x - a scroll of noise
 K - 2 scrolls of silence
Potions
 a - a potion of attraction
 b - a potion of magic
 e - 6 potions of curing
 g - a potion of haste {unknown}
 h - 4 potions of mutation
 j - 4 potions of brilliance
 m - a potion of degeneration {unknown}
 q - a potion of lignification
 r - 5 potions of cancellation
 s - 2 potions of might
 C - a potion of heal wounds


   Skills:
 + Level 7.1 Ranged Weapons
 - Level 2.4 Dodging
 - Level 2.4 Stealth
 + Level 15.1 Spellcasting
 - Level 9.0 Hexes
 * Level 17.8 Summonings
 - Level 6.8 Air Magic


You had 15 spell levels left.
You knew the following spells:

 Your Spells              Type           Power      Damage    Failure   Level
a - Summon Small Mammal   Summ           100%       N/A       0%          1
b - Call Imp              Summ           100%       N/A       0%          2
c - Call Canine Familiar  Summ           90%        N/A       0%          3
d - Summon Guardian Gole  Hex/Summ       79%        N/A       1%          3
e - Summon Lightning Spi  Summ/Air       76%        N/A       1%          4
f - Swiftness             Air            57%        N/A       1%          3
g - Airstrike             Air            28%        2d(5-21)  1%          4
h - Summon Hydra          Summ           45%        N/A       1%          7

Your spell library contained the following spells:

 Spells                   Type           Power      Damage    Failure   Level
 Shock                    Conj/Air       100%       1d9       1%          1
 Summon Ice Beast         Ice/Summ       65%        N/A       1%          4
 Summon Mana Viper        Hex/Summ       79%        N/A       1%          5
 Monstrous Menagerie      Summ           45%        N/A       1%          7
 Foxfire                  Conj/Fire      84%        2x1d8     2%          1
 Sublimation of Blood     Necr           21%        N/A       3%          2
 Wereblood                Tmut           21%        N/A       3%          2
 Summon Horrible Things   Summ           45%        N/A       10%         8
 Petrify                  Tmut/Erth      21%        N/A       22%         4
 Spellforged Servitor     Conj/Summ      32%        N/A       43%         7
 Irradiate                Conj/Tmut      10%        3d15      52%         5
 Simulacrum               Ice/Necr       10%        N/A       98%         6
 Orb of Destruction       Conj           10%        9d6       100%        7
 Ozocubu's Refrigeration  Ice            10%        4d9       100%        7
 Polar Vortex             Ice            10%        12d1*     100%        9


Dungeon Overview and Level Annotations

Branches:
Dungeon (13/15)            Temple (1/1) D:7            Lair (0/5) D:9
    Orc (0/2) D:11         Bailey (visited)           IceCv (visited)
 Vaults: D:13-14

Altars:
Ashenzari
Cheibriados
Dithmenos
Elyvilon
Fedhas
Gozag
Hepliaklqana
Kikubaaqudgha
Makhleb
Nemelex Xobeh
Okawaru
Qazlal
Ru
Sif Muna
Trog
Uskayaw
Vehumet
Wu Jian
Xom
Yredelemnul
Zin
The Shining One

Shops:
D:5 :   D:7 =

Annotations:
D:6 1 runed translucent door, Crazy Yiuf


Message History

Xolani hits the vampire mosquito with a +0 flail!
Xolani blocks the vampire mosquito's attack.
Your cerulean imp hits the vampire mosquito from afar with a +1 spear.
The vampire mosquito bites Xolani but does no damage.
Your cerulean imp disappears in a puff of smoke!
The vampire mosquito bites Xolani but does no damage.
Xolani misses the vampire mosquito.
The vampire mosquito bites Xolani!
The vampire mosquito barely misses Xolani.
The vampire mosquito bites Xolani but does no damage.
Xolani hits the vampire mosquito with a +0 flail!
The vampire mosquito is destroyed!
You swap places.
There is an open door here.
Ancestor HP restored.
There is a stone staircase leading down here.
You open the door.
There is an open door here.
An acid dragon and an efreet come into view.
The efreet is wielding a +4 scimitar of flaming.
Casting: Call Imp (safe; 0% risk of failure)
Confirm with . or Enter, or press ? or * to list all spells.
You feel quick.
You hear a horrible gurgling sound!
A brown ugly thing comes into view.
The efreet hits you with a +4 scimitar of flaming!
The efreet burns you.
The acid dragon roars!
You hear a shout!
Xolani hits the efreet with a +0 flail.
The efreet gestures at you. The bolt of fire hits you!!
Ouch! That really hurt!
* * * LOW HITPOINT WARNING * * *
The brown ugly thing is engulfed in blazing flames.
Xolani blocks the brown ugly thing's attack.
Xolani hits the efreet with a +0 flail.
There is an open door here.
The efreet gestures at you.
The fireball explodes!
The fireball engulfs you!!
Ouch! That really hurt!
You die...

## ########### #.
#.........#### #.
########..R..############
#. #.○##..@.........## #.
#.R#############..#####.
#☼.# ##..>..'. ......uR.#
#######. ......#..# #.
♣.♣D♣.#### ## .. .
######### ## ## #.[.(...#
# #.#####.# #


You could see an efreet.

Vanquished Creatures
  A bat (D:2)
1 creature vanquished.

Vanquished Creatures (collateral kills)
  An ice dragon (IceCv)
  Erolcha (D:9)
  A boulder beetle (D:12)
  A two-headed ogre (D:11)
  Sonja (D:12)
  3 skeletal warriors (D:12)
  2 cyclopes
  2 manticores
  A moth of wrath (shapeshifter) (D:9)
  2 ice statues (IceCv)
  A gargoyle (D:10)
  An unseen horror (D:12)
  A rime drake (shapeshifter) (D:9)
  Psyche (D:9)
  2 kobold demonologists
  4 rime drakes (IceCv)
  An efreet (D:12)
  Prince Ribbit (D:5)
  3 trolls (D:9)
  A hornet (D:9)
  2 shadows (D:12)
  2 wraiths
  A human (D:11)
  A wyvern (D:9)
  A basilisk (D:12)
  19 yaks
  Eustachio (D:4)
  12 vampire mosquitoes
  A steam dragon (D:9)
  Edmund (D:6)
  Duvessa (D:5)
  2 acid dragons
  2 water moccasins
  11 orc warriors
  An ice beast (D:5)
  A hornet zombie (D:6)
  2 ogres (D:5)
  3 centaurs
  4 phantoms
  3 kobold brigands
  Blork the orc (D:4)
  3 bullfrogs
  A gnoll sergeant (D:9)
  A water moccasin zombie (D:6)
  A scorpion (D:5)
  11 wights
  A water moccasin skeleton (D:6)
  6 lindwurm simulacra (IceCv)
  2 killer bees (D:9)
  7 electric eels (Bailey)
  3 howler monkeys (D:11)
  2 bullfrog zombies (D:6)
  2 hounds (D:6)
  7 komodo dragon simulacra (IceCv)
  8 orc priests
  4 sleepcaps
  A jelly (D:7)
  A bullfrog skeleton (D:6)
  A gnoll bouda (D:4)
  Natasha (thrice) (D:2)
  3 iguanas
  13 orc wizards
  A killer bee zombie (D:6)
  A howler monkey zombie (D:6)
  A howler monkey skeleton (D:6)
  4 adders
  9 gnolls
  4 acid dragon simulacra (IceCv)
  3 white imps
  4 steam dragon simulacra (IceCv)
  4 dart slugs
  33 orcs
  7 endoplasms
  4 giant cockroaches
  13 goblins
  17 hobgoblins
  7 quokkas
  5 ball pythons
  3 bats
  2 frilled lizards
  21 kobolds
  4 rats
331 creatures vanquished.

Vanquished Creatures (others)
  An orc high priest (Bailey)
  Nergalle (D:12)
  An orc knight (Bailey)
  A troll (D:9)
  A hornet (D:9)
  4 yaks
  2 vampire mosquitoes
  4 orc warriors (Bailey)
  3 wights
  Dowan (D:5)
  A knight (IceCv)
  10 ancestors
  A gnoll (D:4)
  2 orcs
  3 goblins (Bailey)
36 creatures vanquished.

Grand Total: 368 creatures vanquished

Notes
Turn   | Place    | Note
-------+----------+-------------------------------------------
     0 | D:1      | BinkBink the Deep Elf Summoner began the quest for the Orb.
     0 | D:1      | Reached XP level 1. HP: 10/10 MP: 6/6
   422 | D:1      | Reached XP level 2. HP: 15/15 MP: 6/8
   443 | D:1      | Learned a level 2 spell: Call Imp
   636 | D:1      | You fall into a shaft and drop 1 floor!
   653 | D:2      | Noticed Natasha
   677 | D:2      | Killed Natasha
   678 | D:2      | Reached skill level 5 in Summonings
   678 | D:2      | Reached XP level 3. HP: 19/19 MP: 0/10
   682 | D:2      | Learned a level 3 spell: Call Canine Familiar
  1074 | D:2      | Noticed Natasha
  1169 | D:2      | Killed Natasha
  1170 | D:2      | Reached XP level 4. HP: 24/24 MP: 1/12
  1238 | D:2      | Noticed Natasha
  1260 | D:2      | Killed Natasha
  1402 | D:2      | Reached skill level 6 in Summonings
  2233 | D:3      | Found a radiant altar of Vehumet.
  2266 | D:3      | Reached XP level 5. HP: 28/28 MP: 9/14
  2373 | D:3      | Identified the ring "Plog" {MP+9 Str+3 Int+3 Dex+3}
  2524 | D:3      | Found a broken altar of Ashenzari.
  2545 | D:3      | Reached skill level 5 in Spellcasting
  2738 | D:3      | Identified the +0 long sword of Yredelemnul, Building
                  | {pain, rCorr Str+2 Int+2}
  3048 | D:4      | Noticed Eustachio
  3054 | D:4      | Noticed Blork the orc
  3060 | D:4      | Killed Blork the orc
  3074 | D:4      | Killed Eustachio
  3075 | D:4      | Reached skill level 7 in Summonings
  3075 | D:4      | Reached XP level 6. HP: 29/32 MP: 16/16
  3079 | D:4      | Learned a level 3 spell: Summon Guardian Golem
  3084 | D:4      | Learned a level 4 spell: Summon Lightning Spire
  3716 | D:5      | Entered Level 5 of the Dungeon
  3716 | D:5      | Noticed Duvessa
  3716 | D:5      | Noticed Dowan
  3757 | D:5      | Reached skill level 8 in Summonings
  3757 | D:5      | Reached XP level 7. HP: 36/36 MP: 18/18
  4123 | D:5      | Found Pifaymon's Book Shoppe.
  4150 | D:5      | Reached skill level 9 in Summonings
  4272 | D:5      | Reached XP level 8. HP: 41/41 MP: 21/21
  4506 | D:5      | Reached skill level 10 in Summonings
  4551 | D:5      | Noticed Prince Ribbit
  4567 | D:5      | Killed Prince Ribbit
  4700 | D:5      | Killed Duvessa
  4709 | D:5      | Killed Dowan
  4736 | D:5      | Found a stormy altar of Qazlal.
  4848 | D:5      | Found a hide-covered altar of Uskayaw.
  5008 | D:6      | Noticed Edmund
  5011 | D:6      | Reached skill level 11 in Summonings
  5030 | D:6      | Killed Edmund
  5205 | D:6      | Reached XP level 9. HP: 43/45 MP: 24/24
  6179 | D:6      | Reached skill level 10 in Spellcasting
  6183 | D:6      | Reached skill level 12 in Summonings
  6399 | D:6      | Found a runed translucent door.
  6400 | D:6      | Noticed Crazy Yiuf
  7101 | D:7      | Found Wafrou's Jewellery Emporium.
  7223 | D:7      | Found a bloodstained altar of Trog.
  7366 | D:7      | Found a staircase to the Ecumenical Temple.
  7370 | Temple   | Entered the Ecumenical Temple
  7438 | Temple   | Became a worshipper of Hepliaklqana the Forgotten
  7722 | D:8      | Reached skill level 13 in Summonings
  7956 | D:8      | Found a glowing golden altar of the Shining One.
  8265 | D:8      | Reached XP level 10. HP: 49/49 MP: 27/27
  8270 | D:8      | Learned a level 3 spell: Swiftness
  8275 | D:8      | Learned a level 4 spell: Airstrike
  8305 | D:9      | Reached * piety under Hepliaklqana
  8319 | D:9      | Reached XP level 11. HP: 47/48 MP: 26/28
  8428 | D:9      | Noticed Erolcha
  8442 | D:9      | Killed Erolcha
  8464 | D:9      | Found a sparkling altar of Nemelex Xobeh.
  8464 | D:9      | Found a shimmering blue altar of Sif Muna.
  8477 | D:9      | Found a staircase to the Lair.
  8547 | D:9      | Found a flagged portal.
  8555 | D:9      | Identified the +8 hand axe "Jocsiass" {flame, rElec rC++
                  | Int-3 Dex-2}
  8558 | Bailey   | Entered a bailey
  8668 | Bailey   | Noticed an orc knight
  8693 | Bailey   | Killed an orc knight
  8694 | Bailey   | Reached skill level 14 in Summonings
  8833 | Bailey   | Found an iron altar of Okawaru.
  8840 | Bailey   | Noticed an orc high priest
  8849 | Bailey   | Killed an orc high priest
  8893 | Bailey   | Noticed a sun demon
 10147 | D:9      | HP: 2/48 [troll (14)]
 10197 | D:9      | Acquired a book of Beasts
 10206 | D:9      | Learned a level 7 spell: Summon Hydra
 10563 | D:9      | Reached skill level 15 in Summonings
 10928 | D:9      | Noticed Psyche
 10959 | D:9      | Killed Psyche
 11113 | D:9      | Identified the ring of Darkness {rPois rC+ Will++ Dex-5
                  | SInv}
 11117 | D:9      | Got a tattered book
 11254 | D:10     | Entered Level 10 of the Dungeon
 11404 | D:10     | Reached XP level 12. HP: 53/53 MP: 31/31
 11418 | D:10     | Reached skill level 16 in Summonings
 11615 | D:10     | Reached skill level 1 in Ranged Weapons
 11728 | D:10     | Reached ** piety under Hepliaklqana
 11729 | D:10     | Remembered your ancestor Xolani as a knight
 12070 | D:11     | Noticed a two-headed ogre
 12083 | D:11     | Killed a two-headed ogre
 12248 | D:11     | Found a staircase to the Orcish Mines.
 12863 | D:12     | Noticed Nergalle
 12876 | D:12     | Killed Nergalle
 13009 | D:12     | Noticed a boulder beetle
 13018 | D:12     | Killed a boulder beetle
 13019 | D:12     | Reached skill level 5 in Ranged Weapons
 13086 | D:12     | Found a frozen archway.
 13096 | IceCv    | Entered an ice cave
 13242 | IceCv    | Reached skill level 17 in Summonings
 13878 | IceCv    | Reached *** piety under Hepliaklqana
 14087 | IceCv    | Noticed an ice dragon
 14114 | IceCv    | Killed an ice dragon
 14404 | D:12     | Noticed Sonja
 14412 | D:12     | Killed Sonja
 15030 | D:12     | Reached XP level 13. HP: 56/56 MP: 28/33
 15038 | D:12     | Reached skill level 15 in Spellcasting
 15974 | D:13     | Killed from afar by an efreet

Illustrated notes

Levels and vault maps discovered:
D:1:      lordsloth_arrival_two_stooges, layout_basic
D:2:      layout_loops_cross, wander_ebering_terrifying_dragon_lair,
          uniq_natasha
D:3:      layout_rooms, mainiacjoe_overflow_brackets,
          mainiacjoe_overflow_tiny_flanked
D:4:      layout_cave_pools, serial_column_ruins, column_ruins_columns_water,
          column_ruins_grid_1, column_ruins_columns_dead_end,
          column_ruins_columns_dead_end, uniq_blork_the_orc, uniq_eustachio
D:5:      layout_basic, grunt_qazlal_sundering, nicolae_uskayaw_suspiria,
          serial_shops, shop, uniq_duvessa, uniq_prince_ribbit1
D:6:      layout_basic, serial_undead, serial_undead_f, serial_undead_c,
          serial_undead_d, serial_undead_a, serial_undead_f, minmay_crossroads,
          uniq_edmund, uniq_crazy_yiuf_cottage
D:7:      layout_loops_ring, trog_hazing_becter, temple_hall_moat, serial_shops,
          shop
D:8:      layout_cave_pools, old_standard_altar
D:9:      minmay_the_grid_3x3 [minmay_the_grid_stretched_grid,
          minmay_the_grid_small_cups, minmay_the_grid_all_tris,
          minmay_the_grid_minigrid_small_alt, minmay_the_grid_diamond_grid,
          minmay_the_grid_holed_spiral, minmay_the_grid_doors,
          minmay_the_grid_minigrid_medium, minmay_the_grid_prize_diamond_cup],
          layout_irregular_city, gammafunk_temple_overflow_elements,
          enter_bailey_2, water_boxes_lemuel, uniq_psyche, uniq_erolcha
D:10:     layout_roguey
D:11:     layout_roguey, erik_orc_4
D:12:     layout_cave_pods, portal_ice_cave_entry_pillars_2,
          kennysheep_generic_room_7, uniq_sonja, uniq_nergalle
D:13:     layout_roguey, grunt_ministairs_3
Temple:   nicolae_temple_great_sept

Skill      XL: |  1  2  3  4  5  6  7  8  9 10 11 12 13 |
---------------+----------------------------------------+-----
Summonings     | 5 6 7 8 9 11 13 15 17 | 17.8
Spellcasting   | 4 5 6 7 9 11 13 14 15 | 15.1
Hexes          | 9 |  9.0
Air Magic      | 6 |  6.8
Ranged Weapons | 6 7 |  7.1
Dodging        | |  2.4
Stealth        | |  2.4

Action                     |  1- 3 |  4- 6 |  7- 9 | 10-12 | 13-15 || total
---------------------------+-------+-------+-------+-------+-------++-------
  Melee: Staff             |       |     6 |     4 |       |       ||    10
         Punch             |       |       |     1 |       |       ||     1
   Fire: Shortbow          |       |       |       |    13 |       ||    13
   Cast: Summon Small Mamm |    48 |    58 |    63 |    31 |       ||   200
         Call Imp          |    12 |    13 |    42 |    38 |     1 ||   106
         Call Canine Famil |     2 |    19 |    42 |    42 |       ||   105
         Summon Guardian G |       |     1 |    39 |    52 |     1 ||    93
         Summon Hydra      |       |       |       |    81 |    13 ||    94
         Summon Lightning  |       |       |       |     8 |       ||     8
         Swiftness         |       |       |       |     1 |     1 ||     2
 Invoke: Ancestor Life: Kn |       |       |       |     1 |       ||     1
    Use: Scroll            |       |    13 |     1 |    11 |     1 ||    26
         Potion            |       |       |     4 |       |       ||     4
 Armour: Robe              |    14 |    27 |    28 |    41 |       ||   110
         Steam dragon scal |       |       |       |    60 |     4 ||    64
  Dodge: Dodged            |    22 |    29 |    26 |    51 |     1 ||   129

Table legend: (Time is in decaauts)
 A = Elapsed time spent in this place.
 B = Non-inter-level travel time spent in this place.
 C = Inter-level travel time spent in this place.
 D = Time resting spent in this place.
 E = Time spent auto-exploring this place.
 F = Levels seen in this place.
 G = Mean time per level.
                   A        B        C        D        E       F      G
               +--------+--------+--------+--------+--------+-----+--------+
         Total |  16000 |  15450 |    550 |     56 |  11423 |  16 | 1000.0 |
       Dungeon |  13265 |  12791 |    474 |     11 |   9755 |  13 | 1020.4 |
        Temple |     78 |      2 |     76 |      0 |      0 |   1 |   78.0 |
        Bailey |   1350 |   1350 |      0 |     32 |    767 |   1 | 1350.0 |
      Ice Cave |   1305 |   1305 |      0 |     13 |    900 |   1 | 1305.0 |
               +--------+--------+--------+--------+--------+-----+--------+

Top non-repeatable levels by time:
     D:9: 1592 daAuts
    D:12: 1523 daAuts
     D:6: 1519 daAuts
     D:2: 1413 daAuts
  Bailey: 1350 daAuts
   IceCv: 1305 daAuts
     D:5: 1206 daAuts
     D:7: 972 daAuts
    D:11: 957 daAuts
     D:4: 829 daAuts
     D:1: 824 daAuts
     D:8: 799 daAuts
     D:3: 696 daAuts
    D:10: 650 daAuts
    D:13: 280 daAuts
